AoeStats
← ruess21

Migration

509913150Analyzed
1v1 RM · 4d ago on Sep 28, 2026· 48m 48s· 2 players
Game mode
Random Map
Map size
132×132
Population
200
Speed
Normal
Resources
Standard
Victory
Conquest
Starting age
Dark Age
Ending age
Imperial Age
RankedLock teamsTeams togetherTeam positionsShared explorationLock speedFull tech treeHidden civsTurbo modeCheats
Victory
Defeat
🇷🇴 Vikings · Romania
1170
+15
🇬🇷 Vikings · Greece
1156
-15
ruess21
12:21 Feudal Age
14:34 Double-Bit Axe
17:24 Castle Age
16:02 Loom
18:55 Bow Saw
24:23 Man-at-Arms
26:28 Long Swordsman
29:35 Medium Warships
30:04 Arson
31:45 Horse Collar
34:12 Fletching
34:47 Gold Mining
36:31 Fishing Lines
40:35 Imperial Age
39:17 Gold Shaft Mining
38:33 Stone Mining
38:55 Forging
39:07 Ballistics
39:08 Squires
40:27 Iron Casting
40:07 Chieftains
40:26 Gillnets
40:33 Bodkin Arrow
41:38 Town Watch
43:10 Town Patrol
44:38 Elite Longship
44:56 Two-Handed Swordsman
47:40 Blast Furnace
radu
2:29 Loom
12:17 Feudal Age
16:31 Castle Age
14:37 Fletching
14:49 Gold Mining
24:59 Bodkin Arrow
30:50 Double-Bit Axe
31:31 Ballistics
35:26 Imperial Age
38:22 Bracer
40:20 Chemistry
44:04 Elite Longship
47:13 Forging
47:03 Scale Mail Armor
Connection lost

Rejoining the realm…

Still unreachable

The connection could not be restored.

Session expired

The server has moved on; the page needs a fresh start.